 Dungeon Crawl Stone Soup version 0.24.0-124-g2791043dd8 (webtiles) character file.

Game seed: 6126960992447029830, levelgen mode: deterministic

2261 hazymike the Quickloader (level 9, 0/62 HPs)
             Began as a Gnoll Hunter on Feb 16, 2020.
             Was an Initiate of Hepliaklqana.
             Slain by a hungry ghost (3 damage)
             ... on level 8 of the Dungeon.
             The game lasted 00:47:33 (8191 turns).

hazymike the Quickloader (Gnoll Hunter)             Turns: 8191, Time: 00:47:34

Health: 0/62       AC: -11   Str: 17    XL:     9   Next: 38%
Magic:  14/15      EV: 10    Int: 15    God:    Hepliaklqana [......]
Gold:   320        SH:  0    Dex: 15    Spells: 16/16 levels left

rFire    . . .     SeeInvis .   b - +5 flail
rCold    . . .     Gourm    .   (no shield)
rNeg     . . .     Faith    .   J - +0 chain mail
rPois    .         Spirit   .   (no helmet)
rElec    .         Reflect  .   l - scarf {cloud immunity}
rCorr    .         Harm     .   k - +0 pair of gloves
MR       .....                  t - +1 pair of boots
Stlth    ..........             C - amulet of the acrobat
HPRegen  0.20/turn              (no ring)
MPRegen  0.14/turn              (no ring)

@: corroded
A: distributed training, reduced essence, fangs 1, strong nose
a: Recall Ancestor, Ancestor Identity, Renounce Religion


You were on level 8 of the Dungeon.
You worshipped Hepliaklqana.
Hepliaklqana was noncommittal.
You were hungry.

You visited 2 branches of the dungeon, and saw 9 of its levels.

You collected 320 gold pieces.

Inventory:

Hand Weapons
 a - a +1 hand crossbow
 b - a +5 flail (weapon)
 c - a +0 flail of holy wrath
 B - the cursed +0 battleaxe "Spiderbane" {chop, rF+}
   (You found it on level 6 of the Dungeon)

   It inflicts extra damage upon your enemies.
   It protects you from fire.
   It has a curse placed upon it.
Missiles
 d - 35 bolts
 e - 108 stones
 g - 39 sling bullets
 o - 62 arrows
 F - 15 poisoned darts (quivered)
 G - 3 datura-tipped darts
Armour
 k - a +0 pair of gloves (worn)
 l - a scarf of cloud immunity (worn)
 r - a +0 shield
 t - a +1 pair of boots (worn)
 x - a +0 scale mail
 J - a +0 chain mail (worn)
Magical Staves
 L - an uncursed staff of energy {unknown}
Jewellery
 h - an uncursed amulet of magic regeneration
 s - an uncursed amulet of harm
 C - an amulet of the acrobat (around neck)
Wands
 z - a wand of disintegration (9)
 A - a wand of random effects (18)
 D - a wand of acid (6)
Scrolls
 j - a scroll of magic mapping
 q - a scroll of fear {unknown}
 u - a scroll of blinking
 v - a scroll of immolation {unknown}
 w - 2 scrolls of enchant weapon
 y - 5 scrolls of identify
 H - a scroll of enchant armour
 N - a scroll of holy word {unknown}
Potions
 i - a potion of brilliance
 m - 4 potions of lignification
 n - a potion of heal wounds
 p - 4 potions of curing
 E - 2 potions of might
 I - a potion of flight
 M - a potion of ambrosia {unknown}
Comestibles
 f - 9 rations
 K - 2 chunks of flesh


   Skills:
 + Level 6.2 Fighting
 + Level 4.1 Short Blades
 + Level 4.1 Long Blades
 + Level 4.1 Axes
 + Level 4.1 Maces & Flails
 + Level 4.1 Polearms
 + Level 4.1 Staves
 + Level 4.1 Slings
 + Level 4.1 Bows
 + Level 9.5 Crossbows
 + Level 4.1 Throwing
 + Level 4.1 Armour
 + Level 6.2 Dodging
 + Level 4.8 Stealth
 + Level 4.1 Shields
 + Level 4.1 Unarmed Combat
 + Level 4.1 Spellcasting
 + Level 3.4 Conjurations
 + Level 3.4 Hexes
 + Level 3.4 Charms
 + Level 3.4 Summonings
 + Level 3.4 Necromancy
 + Level 3.4 Translocations
 + Level 3.4 Transmutations
 + Level 3.4 Fire Magic
 + Level 3.4 Ice Magic
 + Level 3.4 Air Magic
 + Level 3.4 Earth Magic
 + Level 3.4 Poison Magic
 + Level 4.5 Invocations
 + Level 4.1 Evocations


You had 16 spell levels left.
You didn't know any spells.
Your spell library contained the following spells:

 Spells                   Type           Power        Failure   Level  Hunger
 Animate Skeleton         Necr           N/A          52%         1    None
 Pain                     Necr           ##..         52%         1    None
 Regeneration             Chrm/Necr      ##........   88%         3    ###....
 Vampiric Draining        Necr           ##........   88%         3    ###....
 Animate Dead             Necr           N/A          99%         4    ####...


Dungeon Overview and Level Annotations

Branches:
Dungeon (8/15)             Temple (1/1) D:6
   Lair: D:8-11

Altars:
Ashenzari
Cheibriados
Dithmenos
Elyvilon
Fedhas
Gozag
Hepliaklqana
Kikubaaqudgha
Makhleb
Nemelex Xobeh
Okawaru
Qazlal
Ru
Trog
Vehumet
Wu Jian
Xom
Yredelemnul
The Shining One

Shops:
D:5 }

Annotations:
D:5 exclusions: sky beast and 2 slaves
D:6 exclusion: statue


Innate Abilities, Weirdness & Mutations

Your experience applies equally to all skills.
You have very sharp teeth.
Your uncanny sense of smell can sniff out nearby items.
Your life essence is reduced to manifest your ancestor. (-10% HP)


Message History

Your Staves skill increases to level 4!
Your Slings skill increases to level 4!
Your Bows skill increases to level 4!
Your Throwing skill increases to level 4!
Your Armour skill increases to level 4!
Your Shields skill increases to level 4!
Your Unarmed Combat skill increases to level 4!
Your Spellcasting skill increases to level 4!
Your Evocations skill increases to level 4!
The bolt of acid misses the hungry ghost.
Izel closely misses the hungry ghost.
You completely miss the hungry ghost.
The hungry ghost is almost destroyed.
The hungry ghost hits you.
* * * LOW HITPOINT WARNING * * *
You are feeling hungry.
Izel hits the hungry ghost.
You hit the hungry ghost but do no damage.
The hungry ghost is almost destroyed.
The hungry ghost hits you.
You die...

#. ##.. #...
#....∆
∆##.##
#.#.#.###
.###.###@#
.)....)WR##
#########.#
#.# ##.##
#...#
##.#.##
#.....#..
##.#.#.##.##


You could see the friendly Izel the ancestor and a hungry ghost.

Vanquished Creatures
  A kobold demonologist (D:8)
  Grinder (D:5)
  Menkaure (D:5)
  Edmund (D:5)
  A water moccasin (D:8)
  A sky beast (D:5)
  3 phantoms
  An ice beast (D:5)
  2 centaurs (D:5)
  A wyvern skeleton (D:7)
  3 crimson imps
  A bullfrog zombie (D:7)
  An orc priest (D:3)
  2 jellies
  A bullfrog skeleton (D:6)
  A centaur skeleton (D:2)
  3 orc wizards
  Natasha (thrice) (D:1)
  4 worker ants
  A hound skeleton (D:5)
  6 gnolls
  9 adders
  An ooze (D:1)
  2 dart slugs
  2 leopard geckos
  10 orcs
  8 giant cockroaches
  10 goblins
  4 hobgoblins
  16 jackals
  7 quokkas
  A ball python (D:2)
  9 bats
  8 frilled lizards
  5 kobolds
  11 rats
142 creatures vanquished.

Vanquished Creatures (collateral kills)
  An adder (D:7)
  An orc (D:8)
2 creatures vanquished.

Vanquished Creatures (others)
  An ancestor (D:6)
1 creature vanquished.

Grand Total: 145 creatures vanquished

Notes
Turn   | Place    | Note
-------+----------+-------------------------------------------
     0 | D:1      | hazymike the Gnoll Hunter began the quest for the Orb.
     0 | D:1      | Reached XP level 1. HP: 20/20 MP: 1/1
    79 | D:1      | Reached XP level 2. HP: 26/26 MP: 2/2
   664 | D:1      | Reached XP level 3. HP: 31/31 MP: 3/3
  1051 | D:2      | Reached skill level 1 in Invocations
  1064 | D:2      | Noticed Natasha
  1084 | D:1      | Killed Natasha
  1084 | D:1      | Reached skill level 1 in Short Blades
  1084 | D:1      | Reached skill level 1 in Long Blades
  1084 | D:1      | Reached skill level 1 in Axes
  1084 | D:1      | Reached skill level 1 in Maces & Flails
  1084 | D:1      | Reached skill level 1 in Polearms
  1084 | D:1      | Reached skill level 1 in Staves
  1084 | D:1      | Reached skill level 1 in Slings
  1084 | D:1      | Reached skill level 1 in Bows
  1084 | D:1      | Reached skill level 1 in Throwing
  1084 | D:1      | Reached skill level 1 in Armour
  1084 | D:1      | Reached skill level 1 in Shields
  1084 | D:1      | Reached skill level 1 in Unarmed Combat
  1084 | D:1      | Reached skill level 1 in Spellcasting
  1084 | D:1      | Reached skill level 1 in Evocations
  1084 | D:1      | Reached XP level 4. HP: 31/38 MP: 5/5
  1324 | D:2      | Reached skill level 1 in Conjurations
  1324 | D:2      | Reached skill level 1 in Hexes
  1324 | D:2      | Reached skill level 1 in Charms
  1324 | D:2      | Reached skill level 1 in Summonings
  1324 | D:2      | Reached skill level 1 in Necromancy
  1324 | D:2      | Reached skill level 1 in Translocations
  1324 | D:2      | Reached skill level 1 in Transmutations
  1324 | D:2      | Reached skill level 1 in Fire Magic
  1324 | D:2      | Reached skill level 1 in Ice Magic
  1324 | D:2      | Reached skill level 1 in Air Magic
  1324 | D:2      | Reached skill level 1 in Earth Magic
  1324 | D:2      | Reached skill level 1 in Poison Magic
  1337 | D:2      | Reached XP level 5. HP: 7/43 MP: 6/6
  1859 | D:2      | Found a blossoming altar of Fedhas.
  2533 | D:3      | Reached XP level 6. HP: 34/50 MP: 8/8
  3179 | D:4      | You fall into a shaft and drop 1 floor!
  3179 | D:5      | Entered Level 5 of the Dungeon
  3216 | D:5      | Noticed Grinder
  3345 | D:4      | Noticed a phantom
  3371 | D:4      | Killed a phantom
  3371 | D:4      | Reached skill level 5 in Fighting
  3371 | D:4      | Reached skill level 5 in Dodging
  3482 | D:4      | Found a burning altar of Makhleb.
  3482 | D:4      | Noticed a balrug
  3750 | D:5      | Noticed a phantom
  3782 | D:5      | Killed a phantom
  3782 | D:5      | Reached XP level 7. HP: 46/56 MP: 10/10
  4182 | D:5      | Reached skill level 9 in Crossbows
  4407 | D:5      | Noticed Menkaure
  4413 | D:5      | Killed Menkaure
  4413 | D:5      | Reached XP level 8. HP: 24/63 MP: 12/12
  4414 | D:5      | Noticed Edmund
  4425 | D:5      | Killed Edmund
  4679 | D:5      | Found Enkus's Gadget Boutique.
  4763 | D:5      | Killed Grinder
  6109 | D:1      | Noticed Natasha
  6122 | D:1      | Killed Natasha
  6346 | D:1      | Noticed Natasha
  6359 | D:1      | Killed Natasha
  6502 | D:6      | Got a brightly glowing battleaxe
  6507 | D:6      | Identified the cursed +0 battleaxe "Spiderbane" {chop, rF+}
                  | (You found it on level 6 of the Dungeon)
  6588 | D:6      | Found a bloodstained altar of Trog.
  6834 | D:6      | Found a radiant altar of Vehumet.
  6837 | D:6      | Found a staircase to the Ecumenical Temple.
  6846 | Temple   | Entered the Ecumenical Temple
  6900 | Temple   | Became a worshipper of Hepliaklqana the Forgotten
  6940 | D:6      | Reached XP level 9. HP: 59/62 MP: 14/14
  7299 | D:7      | Found a snail-covered altar of Cheibriados.
  7633 | D:7      | Found an ancient bone altar of Kikubaaqudgha.
  7633 | D:7      | Found a stormy altar of Qazlal.
  8156 | D:8      | Noticed a kobold demonologist
  8174 | D:8      | Noticed a rust devil
  8188 | D:8      | Killed a kobold demonologist
  8190 | D:8      | HP: 3/62 [hungry ghost (4)]
  8191 | D:8      | Slain by a hungry ghost

Levels and vault maps discovered:
D:1:      ebering_trefoil_twist, layout_loops_corners
D:2:      layout_rooms, fedhas_ov_isle_minmay, first_ration, uniq_natasha
D:3:      layout_basic, hex_intersection, kennysheep_minor_cross
D:4:      layout_basic, makhleb_altar_promises_db
D:5:      layout_loops_ring, serial_shops,
          nicolae_shop_temple_entry_statues_fountains, uniq_grinder,
          uniq_edmund, uniq_pikel, uniq_menkaure
D:6:      layout_loops_ring, vehumet_statue, temple_fountains,
          trog_three_pillars_becter
D:7:      layout_loops_ring, gammafunk_temple_overflow_wave, cheibriados_altar_1
D:8:      minmay_the_grid_triangle_9x9_rhombus_full
          [minmay_the_grid_triangle_9x9_warning,
          minmay_the_grid_triangle_9x9_negative_grid,
          minmay_the_grid_triangle_9x9_descending_squares,
          minmay_the_grid_triangle_9x9_fully_insulated_deathbox,
          minmay_the_grid_triangle_9x9_swiss_cheese,
          minmay_the_grid_triangle_9x9_sprig,
          minmay_the_grid_triangle_9x9_zippers_horizontal,
          minmay_the_grid_triangle_9x9_prize_special], layout_basic,
          david_nohive_1, lemuel_flamethrower_1
Temple:   cyrus_circular_temple

Skill      XL: |  1  2  3  4  5  6  7  8  9 |
---------------+----------------------------+-----
Invocations    | 1 2 3 4 |  4.5
Short Blades   | 1 2 3 4 |  4.1
Long Blades    | 1 2 3 4 |  4.1
Axes           | 1 2 3 4 |  4.1
Maces & Flails | 1 2 3 4 |  4.1
Polearms       | 1 2 3 4 |  4.1
Staves         | 1 2 3 4 |  4.1
Slings         | 1 2 3 4 |  4.1
Bows           | 1 2 3 4 |  4.1
Throwing       | 1 2 3 4 |  4.1
Armour         | 1 2 3 4 |  4.1
Shields        | 1 2 3 4 |  4.1
Unarmed Combat | 1 2 3 4 |  4.1
Spellcasting   | 1 2 3 4 |  4.1
Evocations     | 1 2 3 4 |  4.1
Conjurations   | 1 2 3 |  3.4
Hexes          | 1 2 3 |  3.4
Charms         | 1 2 3 |  3.4
Summonings     | 1 2 3 |  3.4
Necromancy     | 1 2 3 |  3.4
Translocations | 1 2 3 |  3.4
Transmutations | 1 2 3 |  3.4
Fire Magic     | 1 2 3 |  3.4
Ice Magic      | 1 2 3 |  3.4
Air Magic      | 1 2 3 |  3.4
Earth Magic    | 1 2 3 |  3.4
Poison Magic   | 1 2 3 |  3.4
Stealth        | 3 4 |  4.8
Fighting       | 5 6 |  6.2
Dodging        | 5 6 |  6.2
Crossbows      | 9 |  9.5

Action                   |  1- 3 |  4- 6 |  7- 9 || total
-------------------------+-------+-------+-------++-------
Melee: Dagger            |    68 |     9 |       ||    77
       Short sword       |    19 |       |       ||    19
       Bite              |     6 |    22 |    30 ||    58
       Quarterstaff      |       |   149 |   121 ||   270
       Flail             |       |       |   139 ||   139
       Punch             |       |       |     2 ||     2
 Fire: Hand crossbow     |    19 |    22 |       ||    41
Throw: Stone             |    14 |    87 |    21 ||   122
       Boomerang         |       |    15 |    41 ||    56
       Dart              |       |       |    13 ||    13
Invok: Ancestor Identity |       |       |     1 ||     1
Evoke: Wand              |       |       |     6 ||     6
  Use: Scroll            |       |    18 |     3 ||    21
       Potion            |       |       |     2 ||     2
 Stab: Sleeping          |     1 |       |       ||     1
  Eat: Chunk             |       |     9 |    11 ||    20
       Ration            |       |       |     1 ||     1
Armor: Leather armour    |    22 |    11 |       ||    33
       Scale mail        |       |    31 |    94 ||   125
       Ring mail         |       |     2 |       ||     2
       Chain mail        |       |       |     9 ||     9
Dodge: Dodged            |    64 |   139 |   136 ||   339
